 Dungeon Crawl Stone Soup version 0.29.1-1-gd02db69 (webtiles) character file.

Game seed: 7589640901863334347

28 Kel the Magician (level 2, -6/15 HPs)
             Began as a Deep Elf Hedge Wizard on Jan 26, 2023.
             Mangled by an iguana (13 damage)
             ... on level 2 of the Dungeon.
             The game lasted 00:02:42 (1482 turns).

Kel the Magician (Deep Elf Hedge Wizard)            Turns: 1482, Time: 00:02:42

Health: -6/15      AC:  2    Str:  7    XL:     2   Next: 96%
Magic:  9/9        EV: 13    Int: 18    God:
Gold:   19         SH:  0    Dex: 20    Spells: 9/10 levels left

rFire   . . .      SeeInvis .   f - +0 rapier
rCold   . . .      Faith    .   (no shield)
rNeg    . . .      Spirit   .   b - +0 robe
rPois   .          Reflect  .   c - +0 hat
rElec   .          Harm     .   (no cloak)
rCorr   .          Rampage  .   (no gloves)
Will    .....                   (no boots)
Stlth   +++.......              (no amulet)
HPRegen 0.05/turn               e - +6 ring of dexterity
MPRegen 0.11/turn               (no ring)

@: no status effects
A: no striking features
a: no special abilities


You were on level 2 of the Dungeon.
You visited 1 branch of the dungeon, and saw 2 of its levels.

You collected 19 gold pieces.

Inventory:

Hand Weapons
 f - a +0 rapier (weapon)
Armour
 b - a +0 robe (worn)
 c - a +0 hat (worn)
Jewellery
 e - a +6 ring of dexterity (left hand)
Scrolls
 a - 4 scrolls of poison {unknown}
 h - 3 scrolls of magic mapping {unknown}
Potions
 d - a potion of magic
 g - a potion of degeneration {unknown}


   Skills:
 - Level 2.4 Dodging
 - Level 3.0 Stealth
 + Level 4.8 Spellcasting
 + Level 1.8 Conjurations
 - Level 1.1 Summonings
 + Level 1.9 Translocations


You had 9 spell levels left.
You knew the following spells:

 Your Spells              Type           Power      Damage    Failure   Level
a - Magic Dart            Conj           44%        1d5       6%          1

Your spell library contained the following spells:

 Spells                   Type           Power      Damage    Failure   Level
 Blink                    Tloc           22%        N/A       10%         2
 Call Imp                 Summ           8%         N/A       13%         2
 Slow                     Hex            16%        N/A       14%         1
 Conjure Flame            Conj/Fire      7%         6-21      28%         3
 Mephitic Cloud           Conj/Pois/Air  6%         N/A       30%         3


Dungeon Overview and Level Annotations

Branches:
Dungeon (2/15)

Altars:


Message History

The bat is moderately wounded.
The magic dart hits the bat.
You kill the bat!
Found a club.
h - 3 scrolls labelled NUUGRAZUFF A hobgoblin comes into view.
The magic dart hits the hobgoblin.
The hobgoblin is severely wounded.
The hobgoblin shouts!
The magic dart hits the hobgoblin.
You kill the hobgoblin!
Done exploring.
(D) Dungeon
Where to? (? - help)
There is a stone staircase leading down here.
You climb downwards.
Found 19 gold pieces, a scroll labelled VYPRICS CUAKOT and a hand axe.
Found a stone staircase leading down.
There is a stone staircase leading up here.
An iguana is nearby!
The helpless iguana fails to defend itself.
You puncture the iguana!
The iguana is heavily wounded.
The iguana bites you!
Ouch! That really hurt!
You are too injured to fight recklessly!
You are too injured to fight recklessly!
You are too injured to fight recklessly!
You are too injured to fight recklessly!
You closely miss the iguana.
The iguana is heavily wounded.
The iguana closely misses you.
You hit the iguana but do no damage.
The iguana is heavily wounded.
The iguana misses you.
You hit the iguana.
The iguana is heavily wounded.
The iguana bites you!
Ouch! That really hurt!
You die...

#######
#.....#
#.....#
#...).#
#...l>###.#
#...@$...#
#........?##
#.###.##...#
#. ....# #.
..#$# #.
#..## #.
#..# #. #.#


You could see an iguana.

Vanquished Creatures
  A dart slug (D:1)
  2 goblins (D:1)
  7 hobgoblins (D:1)
  A kobold (D:1)
  5 quokkas (D:1)
  A ball python (D:1)
  2 bats (D:1)
  3 rats (D:1)
22 creatures vanquished.

Notes
Turn   | Place    | Note
-------+----------+-------------------------------------------
     0 | D:1      | Kel the Deep Elf Hedge Wizard began the quest for the Orb.
     0 | D:1      | Reached XP level 1. HP: 10/10 MP: 7/7
   250 | D:1      | Reached XP level 2. HP: 12/15 MP: 4/9
  1482 | D:2      | Mangled by an iguana

Illustrated notes

Levels and vault maps discovered:
D:1:      lemuel_arrival_broad_hall, layout_basic
D:2:      layout_rooms, shapermc_ecumenical_altar_venn, uniq_jessica

Skill      XL: |  1  2 |
---------------+-------+-----
Stealth        | 3 |  3.0
Dodging        | |  2.4
Spellcasting   | |  4.8
Conjurations   | |  1.8
Summonings     | |  1.1
Translocations | |  1.9

Action                   || total
-------------------------++-------
Melee: Rapier            ||    27
 Cast: Magic Dart        ||    46
 Stab: Sleeping          ||     1
Armor: Robe              ||     5
Dodge: Dodged            ||    25
